 Dungeon Crawl Stone Soup version 0.19-a0-599-g723c685 (webtiles) character file.

152 Loading the Covered (level 5, -2/33 HPs)
             Began as a Gargoyle Fighter on June 11, 2016.
             Was an Initiate of Hepliaklqana.
             Killed by divine providence
             ... invoked by an orc priest
              (10 damage)
             ... on level 3 of the Dungeon.
             The game lasted 00:03:53 (2027 turns).

Loading the Covered (Gargoyle Fighter)              Turns: 2027, Time: 00:03:54

Health: -2/33      AC: 14    Str: 24    XL:     5   Next: 34%
Magic:  5/5        EV:  7    Int:  9    God:    Hepliaklqana [......]
Gold:   106        SH:  9    Dex: 10    Spells: 0 memorised, 4 levels left

rFire  . . .     SeeInvis .     a - +0 flail
rCold  . . .     Gourm    .     b - +0 scale mail
rNeg   + . .     Faith    .     c - +0 shield
rPois  ∞         Spirit   .     (no helmet)
rElec  +         Dismiss  .     s - +2 cloak
rCorr  .         Reflect  .     (no gloves)
SustAt .         Harm     .     (no boots)
MR     .....                    (no amulet)
Stlth  ..........               (no ring)
                                (no ring)

@: mighty, not resistant to hostile enchantments, extremely unstealthy
A: negative energy resistance 1, electricity resistance, unbreathing,
petrification resistance, rot immunity, AC +4
a: Recall Ancestor, Ancestor Identity, Renounce Religion


You were on level 3 of the Dungeon.
You worshipped Hepliaklqana.
Hepliaklqana was noncommittal.
You were not hungry.

You visited 1 branch of the dungeon, and saw 3 of its levels.

You collected 106 gold pieces.

Inventory:

Hand Weapons
 a - a +0 flail (weapon)
 t - a +0 mace
Armour
 b - a +0 scale mail (worn)
 c - a +0 shield (worn)
 s - a +2 cloak (worn)
Jewellery
 n - a cursed -3 ring of protection {unknown}
 y - a cursed ring of teleportation {unknown}
Wands
 l - a wand of polymorph (11/24)
 z - a wand of disintegration (11/24)
Scrolls
 h - a scroll of teleportation {unknown}
 i - 3 scrolls of identify {unknown}
 k - 2 scrolls of remove curse {unknown}
 m - a scroll of fog {unknown}
 p - a scroll of immolation {unknown}
 q - a scroll of fear {unknown}
 r - a scroll of recharging {unknown}
Potions
 d - a potion of might
 e - 2 potions of lignification
 j - a potion of curing
 v - a potion of flight {unknown}
 x - a potion of resistance {unknown}
Comestibles
 f - 2 bread rations
 g - 3 slices of pizza
 o - 2 meat rations
 u - a chunk of flesh
 w - a royal jelly
 A - a beef jerky


   Skills:
 + Level 4.1 Fighting
 * Level 3.7 Maces & Flails
 + Level 4.2 Armour
 + Level 3.8 Shields


You had 4 spell levels left.
You didn't know any spells.

Dungeon Overview and Level Annotations

Branches:
Dungeon (3/15)

Altars:
Hepliaklqana
Makhleb
Uskayaw


Innate Abilities, Weirdness & Mutations

You are resistant to torment.
Your stone body is resilient. (AC +4)
You are immune to poison.
You resist negative energy. (rN+)
You are resistant to electric shocks. (rElec)
You can survive without breathing.
You are immune to petrification.
You are immune to rotting.


Message History

Pain shoots through your body! You block the orc's attack.
The orc priest calls down the wrath of Beogh upon you.
Pain shoots through your body!
* * * LOW HITPOINT WARNING * * *
You feel very mighty all of a sudden.
Spork hits the orc but does no damage.
The orc priest invokes the aid of Beogh against you.
You barely resist. You block the orc priest's attack.
You thump the orc priest!
The orc priest is heavily wounded.
The orc barely misses you.
Spork closely misses the orc.
The orc priest hits you but does no damage.
You block the orc priest's attack. The orc closely misses you.
Spork closely misses the orc.
Your shield and scale mail prevent you from hitting the orc priest.
The orc priest is heavily wounded.
The orc priest hits you but does no damage.
The orc priest calls down the wrath of Beogh upon you.
Beogh smites you!
You die...

......# #.....#!#
#.....#.# #.....#.#
#..<..#.##########
#.###................#
#.........#..........#
#####.....#...Ro....[#
#.........@o.....#
#.....#....o.....#
#######..........#
#..........#
############


You could see 2 orc priests, an orc and the friendly Spork the ancestor.

Vanquished Creatures
  Crazy Yiuf (D:2)
  3 adders (D:2)
  2 worms (D:2)
  A dart slug (D:2)
  A giant gecko (D:1)
  3 giant cockroaches (D:1)
  9 goblins
  4 hobgoblins
  5 jackals
  2 kobolds (D:1)
  A quokka (D:2)
  4 bats
  3 giant newts
  5 rats
44 creatures vanquished.

Vanquished Creatures (collateral kills)
  An orc wizard (D:3)
  An adder (D:2)
  A goblin (D:2)
  A hobgoblin (D:2)
  2 jackals (D:2)
  A giant newt (D:2)
7 creatures vanquished.

Grand Total: 51 creatures vanquished

Notes
Turn   | Place    | Note
--------------------------------------------------------------
     0 | D:1      | Loading the Gargoyle Fighter began the quest for the Orb.
     0 | D:1      | Reached XP level 1. HP: 14/14 MP: 1/1
    95 | D:1      | Reached XP level 2. HP: 19/19 MP: 2/2
   353 | D:1      | Reached XP level 3. HP: 16/23 MP: 3/3
  1084 | D:2      | Noticed Crazy Yiuf
  1088 | D:2      | HP: 1/23 [Crazy Yiuf/quarterstaff of chaos (6)]
  1092 | D:2      | Killed Crazy Yiuf
  1092 | D:2      | Reached XP level 4. HP: 11/29 MP: 4/4
  1452 | D:2      | Found a hazy altar of Hepliaklqana.
  1459 | D:2      | Became a worshipper of Hepliaklqana
  1538 | D:2      | Found a hide-covered altar of Uskayaw.
  1853 | D:2      | Reached XP level 5. HP: 33/33 MP: 5/5
  1931 | D:2      | Found a burning altar of Makhleb.
  2027 | D:3      | Killed from afar by an orc priest

Vault maps used:
D:1:      mrwooster_arrival_statue, fountainhead, minmay_misc_feat_ornament,
          kennysheep_nondescript, hangedman_abyss_or_decor_stabs,
          minmay_box_of_dots
D:2:      lightli_temple_of_fire, nicolae_overflow_crystal_walls,
          eat_drink_and_be_merry_uskayaw, kennysheep_generic_room_12,
          uniq_crazy_yiuf_cottage
D:3:      yredelemnul_altar_generic, old_standard_altar, minmay_unequal,
          uniq_grinder

Skill      XL: |  1  2  3  4 |
---------------+-------------+-----
Maces & Flails | 3 |  3.7
Armour         | 4 |  4.2
Fighting       | 4 |  4.1
Shields        | |  3.8

Action                   |  1- 3 |  4- 6 || total
-------------------------+-------+-------++-------
Melee: Flail             |   127 |    78 ||   205
  Use: Potion            |     3 |     1 ||     4
  Eat: Chunk             |     1 |     3 ||     4
Armor: Scale mail        |    82 |    48 ||   130
       Skin              |     1 |       ||     1
Dodge: Dodged            |    46 |    26 ||    72
Block: Shield            |    58 |    45 ||   103
